 Dungeon Crawl Stone Soup version 0.24-a0-619-gb7544fd237 (webtiles) character file.

Game seed: 8542310030640844333, levelgen mode: deterministic

1069 Mame the Cleaver (level 8, -3/71 HPs)
             Began as a Hill Orc Monk on Sept 17, 2019.
             Was a Believer of Beogh.
             Slain by a hippogriff (6 damage)
             ... on level 5 of the Dungeon.
             The game lasted 00:25:33 (6868 turns).

Mame the Cleaver (Hill Orc Monk)                    Turns: 6868, Time: 00:25:34

Health: -3/71      AC:  7    Str: 16    XL:     8   Next: 28%
Magic:  8/8        EV: 12    Int: 10    God:    Beogh [**....]
Gold:   345        SH:  0    Dex: 13    Spells: 7/7 levels left

rFire    . . .     SeeInvis .   a - +0 hand axe
rCold    . . .     Gourm    .   (no shield)
rNeg     . . .     Faith    .   k - +0 leather armour
rPois    +         Spirit   .   f - +0 helmet
rElec    .         Reflect  .   (no cloak)
rCorr    .         Harm     .   h - +0 pair of gloves
MR       .....                  B - +0 pair of boots
Stlth    ++........             E - amulet of magic regeneration
HPRegen  0.21/turn              A - ring of poison resistance
MPRegen  0.36/turn              (no ring)

@: no status effects
A: no striking features
a: Smiting, Renounce Religion


You were on level 5 of the Dungeon.
You worshipped Beogh.
Beogh was pleased with you.
You were very hungry.

You visited 1 branch of the dungeon, and saw 6 of its levels.

You collected 345 gold pieces.

Inventory:

Hand Weapons
 a - a +0 hand axe (weapon)
 D - a +0 halberd
Missiles
 H - 8 datura-tipped darts (quivered)
Armour
 b - a +0 robe
 f - a +0 helmet (worn)
 h - a +0 pair of gloves (worn)
 j - a +0 shield
 k - a +0 leather armour (worn)
 m - a +0 scale mail
 s - a +0 plate armour
 z - a +0 ring mail
 B - a +0 pair of boots (worn)
 G - a +0 chain mail
Magical Staves
 r - an uncursed staff of air
Jewellery
 A - a ring of poison resistance (left hand)
 E - an amulet of magic regeneration (around neck)
Wands
 g - a wand of enslavement (15)
 F - a wand of flame (12)
Scrolls
 t - a scroll of magic mapping
 v - 2 scrolls of identify
 y - 2 scrolls of remove curse
 C - a scroll of amnesia
Potions
 e - a potion of magic {unknown}
 i - 2 potions of brilliance
 n - 2 potions of flight
 q - 2 potions of curing
 x - a potion of agility
Comestibles
 c - 10 rations


   Skills:
 + Level 6.3 Fighting
 + Level 8.7 Axes
 + Level 6.2 Armour
 - Level 2.5 Dodging
 - Level 1.7 Stealth


You had 7 spell levels left.
You didn't know any spells.
Your spell library was empty.

Dungeon Overview and Level Annotations

Branches:
Dungeon (6/15)             Temple (0/1) D:6

Altars:
Ashenzari
Dithmenos
Elyvilon
Fedhas
Trog
Uskayaw
Wu Jian
Xom

Annotations:
D:3 3 runed translucent doors, MirrMurr's ghost, amateur SpEn; angryZebra's ghost, amateur NaAs


Message History

You hit the hippogriff.
The hippogriff is heavily wounded.
The hippogriff bites you but does no damage.
The hippogriff closely misses you.
The hippogriff claws you but does no damage.
You barely miss the hippogriff.
The hippogriff is heavily wounded.
You slash the hippogriff!
The hippogriff is severely wounded.
The hippogriff bites you.
* * * LOW HITPOINT WARNING * * *
The hippogriff pecks you but does no damage.
The hippogriff claws you.
* * * LOW HITPOINT WARNING * * *
You hit the hippogriff.
The hippogriff is severely wounded.
The hippogriff closely misses you.
The hippogriff pecks you but does no damage.
The hippogriff claws you.
You die...

....###.......#..#...........#..#
##..##.......##..................
###.###...#...#..................
.....##.#....##..................
........#....#...................
#............#...................
#.....##.#........#..............
......#####.....H##...........###
.###.####.......@..............##
###.................<............
...............................##
....................#.......)..##
....##.....................##....
...####............).............
...# #..####....[................
..## ##.###..........###....#.#..
..# #..##........).## ##..#####.


You could see a hippogriff.

Vanquished Creatures
  Purgy (D:4)
  An ice beast (D:6)
  A phantom (D:5)
  A necrophage (D:6)
  An ogre (D:4)
  2 bullfrogs (D:6)
  A scorpion (D:4)
  2 crimson imps (D:5)
  A jelly (D:5)
  3 orc wizards
  An iguana (D:5)
  2 worker ants
  2 adders
  An ooze (D:4)
  An adder zombie (D:5)
  An adder skeleton (D:4)
  3 worms
  3 dart slugs
  4 leopard geckos
  20 orcs
  4 ball pythons
  4 giant cockroaches
  10 goblins
  5 hobgoblins
  5 jackals (D:5)
  9 kobolds
  A quokka (D:3)
  14 bats
  2 frilled lizards
  A giant cockroach zombie (D:5)
  A leopard gecko skeleton (D:4)
  A leopard gecko zombie (D:5)
  7 rats
116 creatures vanquished.

Vanquished Creatures (collateral kills)
  An iguana (D:4)
1 creature vanquished.

Vanquished Creatures (others)
  2 withered plants (D:3)
2 creatures vanquished.

Grand Total: 119 creatures vanquished

Notes
Turn   | Place    | Note
-------+----------+-------------------------------------------
     0 | D:1      | Mame the Hill Orc Monk began the quest for the Orb.
     0 | D:1      | Reached XP level 1. HP: 19/19 MP: 1/1
   356 | D:1      | Reached XP level 2. HP: 15/27 MP: 2/2
   981 | D:2      | Reached skill level 1 in Armour
  1015 | D:2      | Reached XP level 3. HP: 33/33 MP: 3/3
  1149 | D:2      | Found a hide-covered altar of Uskayaw.
  1421 | D:2      | Found a blossoming altar of Fedhas.
  1567 | D:2      | Found a shattered altar of Ashenzari.
  1567 | D:2      | Found a shimmering altar of Xom.
  1911 | D:3      | Reached skill level 5 in Axes
  2017 | D:3      | Reached XP level 4. HP: 40/40 MP: 4/4
  2077 | D:3      | Found a runed translucent gate.
  2078 | D:3      | Found a runed translucent gate.
  2079 | D:3      | Found a runed translucent gate.
  2080 | D:3      | Noticed MirrMurr's ghost (amateur SpEn)
  2081 | D:3      | Noticed angryZebra's ghost (amateur NaAs)
  2140 | D:3      | Found a bloodstained altar of Trog.
  2698 | D:3      | Reached XP level 5. HP: 28/46 MP: 5/5
  2917 | D:3      | Found an ornate altar of the Wu Jian Council.
  3517 | D:4      | Became a worshipper of Beogh the Brigand
  3517 | D:4      | Reached * piety under Beogh
  3517 | D:4      | Reached ** piety under Beogh
  3526 | D:4      | Noticed an ogre
  3534 | D:4      | Killed an ogre
  3534 | D:4      | Reached skill level 6 in Axes
  3755 | D:4      | Reached XP level 6. HP: 39/52 MP: 6/6
  3787 | D:4      | Found a white marble altar of Elyvilon.
  4245 | D:4      | Noticed Purgy
  4515 | D:4      | Killed Purgy
  4515 | D:4      | Reached skill level 7 in Axes
  4735 | D:5      | Entered Level 5 of the Dungeon
  4739 | D:5      | Reached XP level 7. HP: 60/60 MP: 7/7
  4841 | D:5      | Reached skill level 5 in Fighting
  4841 | D:5      | Reached skill level 5 in Armour
  4973 | D:5      | Found a shadowy altar of Dithmenos.
  5297 | D:5      | Reached skill level 8 in Axes
  5770 | D:6      | Reached XP level 8. HP: 17/70 MP: 8/8
  6197 | D:6      | Found a staircase to the Ecumenical Temple.
  6282 | D:6      | Noticed a hippogriff
  6867 | D:5      | HP: 2/71 [hippogriff (2)]
  6868 | D:5      | Slain by a hippogriff

Levels and vault maps discovered:
D:1:      elethiomel_arrival_quiet, layout_basic, minmay_misc_feat_roman
D:2:      layout_basic, fedhas_altar_3, nicolae_overflow_crystal_walls,
          gammafunk_temple_overflow_statue
D:3:      layout_basic, marbit_many_paths, gammafunk_ghost_cemetery,
          serial_rivers, chequers_serial_rivers_micro_a,
          chequers_serial_rivers_room_a, chequers_serial_rivers_micro_b,
          chequers_serial_rivers_micro_c, chequers_serial_rivers_room_b,
          trog_three_pillars_becter
D:4:      layout_loops_cross, elyvilon_altar_3, uniq_purgy
D:5:      layout_cave_pools, grunt_dithmenos_shadows, first_ration
D:6:      layout_rooms, gammafunk_temple_overflow_elements,
          minmay_temple_entry_tees, serial_park_tiny_1, roderic_batcave

Skill      XL: |  1  2  3  4  5  6  7  8 |
---------------+-------------------------+-----
Armour         | 1 2 4 5 6 |  6.2
Axes           | 5 6 7 8 |  8.7
Fighting       | 4 5 6 |  6.3
Dodging        | |  2.5
Stealth        | |  1.7

Action                   |  1- 3 |  4- 6 |  7- 9 || total
-------------------------+-------+-------+-------++-------
Melee: Hand axe          |   145 |   209 |   198 ||   552
Invok: Convert to Beogh  |       |     1 |       ||     1
Evoke: Wand              |       |     6 |    25 ||    31
  Use: Scroll            |     4 |       |    14 ||    18
       Potion            |       |     4 |     3 ||     7
 Stab: Sleeping          |     2 |       |       ||     2
  Eat: Chunk             |     4 |     8 |     3 ||    15
       Ration            |       |       |     1 ||     1
Armor: Robe              |     3 |       |       ||     3
       Leather armour    |    33 |    75 |    80 ||   188
Dodge: Dodged            |    77 |   176 |   143 ||   396

Table legend:
 A = Non-vault XP
 B = Vault XP
 C = Vault XP percentage of total XP
 D = Non-vault monster count
 E = Vault monster count
 F = Vault count percentage of total count
                 A         B        C        D         E       F
            +---------+---------+-------+---------+---------+-------
      Total |    1244 |     284 |  18.6 |     106 |      11 |   9.4
            +---------+---------+-------+---------+---------+-------
        D:1 |      26 |       0 |   0.0 |      16 |       0 |   0.0
        D:2 |      47 |       0 |   0.0 |      17 |       0 |   0.0
        D:3 |     106 |       2 |   1.9 |      28 |       1 |   3.4
        D:4 |     290 |     145 |  33.3 |      18 |       1 |   5.3
        D:5 |     333 |     124 |  27.1 |      20 |       1 |   4.8
        D:6 |     442 |      13 |   2.9 |       7 |       8 |  53.3
            +---------+---------+-------+---------+---------+-------
